 Dungeon Crawl Stone Soup version 0.32-a0-996-gb3226c233f (webtiles) character file.

Game seed: 4494536795051687168

9 ytrimaz the Caller (level 2, 19/19 HPs)
             Began as a Demonspawn Summoner on Apr 24, 2024.
             Quit the game on level 1 of the Dungeon.
             The game lasted 00:00:28 (435 turns).

ytrimaz the Caller (Demonspawn Summoner)             Turns: 435, Time: 00:00:29

Health: 19/19      AC:  2    Str:  8    XL:     2   Next: 6%
Magic:  5/5        EV: 11    Int: 15    God:
Gold:   19         SH:  0    Dex: 13    Spells: 4/5 levels left

rFire   . . .        (no weapon)
rCold   . . .        (no shield)
rNeg    . . .        a - +0 robe
rPois   .            (no helmet)
rElec   .            (no cloak)
rCorr   .            (no gloves)
SInv    .            (no boots)
Will    .....        (no amulet)
Stlth   ++           (no ring)
HPRegen 0.23/turn    (no ring)
MPRegen 0.09/turn

%: no passive effects
@: no status effects
A: demonic guardian 1
a: no special abilities


You were on level 1 of the Dungeon.
You visited 1 branch of the dungeon, and saw 1 of its levels.

You collected 19 gold pieces.


Innate Abilities, Weirdness & Mutations

A weak demonic guardian rushes to your aid.


   Skills:
 + Level 2.0 Dodging
 - Level 1.7 Stealth
 + Level 2.2 Spellcasting
 + Level 4.1 Summonings


You had 4 spell levels left.
You knew the following spells:

 Your Spells              Type           Power      Damage    Failure   Level
a - Summon Small Mammal   Summ           56%        N/A       4%          1

Your spell library contained the following spells:

 Spells                   Type           Power      Damage    Failure   Level
 Call Imp                 Summ           28%        N/A       6%          2
 Call Canine Familiar     Summ           14%        N/A       12%         3
 Summon Blazeheart Golem  Fire/Summ      7%         N/A       67%         4
 Summon Lightning Spire   Summ/Air       7%         N/A       67%         4
 Malign Gateway           Summ/Tloc      3%         N/A       100%        7
 Summon Horrible Things   Summ           7%         N/A       100%        8

Inventory:

Armour
 a - a +0 robe (worn)
Scrolls
 c - a scroll of identify {unknown}
 d - a scroll of immolation {unknown}
 e - a scroll of silence {unknown}
Potions
 b - a potion of magic

Dungeon Overview and Level Annotations

Branches:
Dungeon (1/15) Zot: 5565

Altars:

. .### .... # #..#
##.####..### #.
.J......... #.
#.......# #.########@#
##.#.....##r#######
.###.#..###...........
...>#.....>....#.#####
####......######.#
.................#
#####.....#####..#
#.....# ..# #.#.###
..#


You could see an endoplasm (asleep, ally target) and a friendly rat (summoned).


Message History

Unknown command.
You hit the dart slug but do no damage. You punch the dart slug.
The dart slug bites you. 😕 HP[-3]
You take 3 damage, and now have 10/13 hp.
MASSIVE DAMAGE!! (PAUSE)
You hit the dart slug. The dart slug misses you.
You hit the dart slug but do no damage. You hit the dart slug but do no damage.
The dart slug closely misses you.
You swap places.
Your quokka bites the dart slug but does no damage.
The dart slug barely misses your quokka.
Your quokka bites the dart slug. 😕 HP[+1] Unknown command.
You swap places.
Your quokka bites the dart slug.
The dart slug dies!
Your Dodging skill increases to level 2!
You swap places.
The goblin hits you but does no damage.
Unknown command.
You hit the goblin. The goblin completely misses you.
You swap places.
Your quokka bites the goblin.
The goblin barely misses your quokka. 😕 HP[+1] MP[+1]
You swap places.
The goblin barely misses you.
Unknown command.
You barely miss the goblin. The goblin hits you but does no damage.
You swap places.
Your quokka completely misses the goblin.
Your quokka barely misses the goblin.
The goblin hits your quokka with a +0 dagger.
Your quokka barely misses the goblin.
The goblin misses your quokka.
Unknown command.
Your quokka closely misses the goblin.
The goblin hits your quokka with a +0 dagger. 😎 HP[+1]
Your hp is fully restored (13).
Your quokka bites the goblin.
The goblin dies!
You have reached level 2!
Your demonic ancestry asserts itself...
You feel the presence of a demonic guardian. 😎 HP[+6] MP[+1]
You now have 19 max hp (+6).
Your hp is fully restored (19).
Your quokka disappears in a puff of smoke!
Your quokka disappears in a puff of smoke!
You see here 8 stones.
You now have 19 gold pieces (gained 3).
You see here 8 stones.
You pick up a Grand Grimoire and begin reading...
You add the spells Malign Gateway and Summon Horrible Things to your library. 😎 MP[+2]
Your mp is fully restored (5).
You open the door.
There is an open door here.
You see here a +0 barding.
There is a dry fountain here.
An endoplasm comes into view.
An endoplasm is nearby!
An endoplasm is nearby!
An endoplasm is nearby!
An endoplasm is nearby!
Found a stone staircase leading down.
Found a stone staircase leading down.
The endoplasm quivers.
You hit the endoplasm but do no damage. The endoplasm freezes you.
You are frozen. 😕 HP[-1]
You take 1 damage, and now have 18/19 hp.
You hit the endoplasm. The endoplasm freezes you.
You are frozen.
A demonic guardian appears! 😕 HP[-2]
You take 2 damage, and now have 16/19 hp.
The endoplasm misses you. 😕 MP[-1]
You lost 1 mp, and now have 4/5 mp.
Unknown command.
Your rat bites the endoplasm.
The endoplasm hits you.
You are too injured to fight recklessly! 😮 HP[-2] MP[-1]
You take 2 damage, and now have 14/19 hp.
You lost 1 mp, and now have 3/5 mp.
You hit the endoplasm.
Your bat hits the endoplasm but does no damage.
Your quasit bites the endoplasm.
The endoplasm dies!
You are too injured to fight recklessly!
Unknown command.
You are too injured to fight recklessly!
You swap places. 😕 HP[+1]
Your quasit disappears in a puff of smoke!
Your bat disappears in a puff of smoke!
e - a scroll labelled DUBEIGH PEFOHI 😎 HP[+4] MP[+2]
Your hp is fully restored (19).
Your mp is fully restored (5).
An endoplasm comes into view.
Are you sure you want to abandon this character and quit the game? (Confirm with "yes".)

Skill      XL: |  1 |
---------------+----+-----
Dodging        | 2 |  2.0
Stealth        | |  1.7
Spellcasting   | |  2.2
Summonings     | |  4.1

Action                     || total
---------------------------++-------
  Melee: Unarmed           ||    22
         Punch             ||     1
   Cast: Summon Small Mamm ||    14
 Armour: Robe              ||    14
  Dodge: Dodged            ||    23

Levels and vault maps discovered:
D:1:      dpeg_arrival_stone_temple_mockup, layout_loops_ring,
          ebering_ecumenical_altar_box

Notes
Turn   | Place    | Note
-------+----------+-------------------------------------------
     0 | D:1      | ytrimaz the Demonspawn Summoner began the quest for the
                  | Orb.
     0 | D:1      | Reached XP level 1. HP: 13/13 MP: 3/3
     0 | D:1      | magus.rc [v1.9.6]
   279 | D:1      | Reached skill level 2 in Dodging
   288 | D:1      | Gained mutation: A weak demonic guardian rushes to your
                  | aid. [demonic ancestry]
   288 | D:1      | Reached XP level 2. HP: 19/19 MP: 3/5
   351 | D:1      | You add the spells Malign Gateway and Summon Horrible
                  | Things to your library.
   435 | D:1      | Quit the game

Vanquished Creatures
  A ball python (D:1)
1 creature vanquished.

Vanquished Creatures (collateral kills)
  A dart slug (D:1)
  An endoplasm (D:1)
  A giant cockroach (D:1)
  A goblin (D:1)
  A frilled lizard (D:1)
  A rat (D:1)
6 creatures vanquished.

Grand Total: 7 creatures vanquished

Table legend:
 A = Non-vault XP
 B = Vault XP
 C = Vault XP percentage of total XP
 D = Non-vault monster count
 E = Vault monster count
 F = Vault count percentage of total count
                 A         B        C        D         E       F
            +---------+---------+-------+---------+---------+-------
      Total |      14 |       0 |   0.0 |       7 |       0 |   0.0
            +---------+---------+-------+---------+---------+-------
        D:1 |      14 |       0 |   0.0 |       7 |       0 |   0.0
            +---------+---------+-------+---------+---------+-------

Skill      XL: |  1 |
---------------+----+-----
Dodging        | 2 |  2.0
Stealth        | |  1.7
Spellcasting   | |  2.2
Summonings     | |  4.1

Action                     || total
---------------------------++-------
  Melee: Unarmed           ||    22
         Punch             ||     1
   Cast: Summon Small Mamm ||    14
 Armour: Robe              ||    14
  Dodge: Dodged            ||    23

Illustrated notes

Table legend:
 A = Kills in this place as a percentage of kills in the entire game.
 B = Kills by you in this place as a percentage of kills by you in the entire game.
 C = Kills by friends in this place as a percentage of kills by friends in the entire game.
 D = Other kills in this place as a percentage of other kills in the entire game.
 E = Experience gained in this place as a percentage of experience gained in the entire game.
 F = Experience gained in this place divided by the number of levels of this place that you have seen.
                   A       B       C       D       E      F
               +-------+-------+-------+-------+-------+----------------------
         Total | 100.0 | 100.0 | 100.0 |   N/A | 100.0 |  14.0
       Dungeon | 100.0 | 100.0 | 100.0 |   N/A | 100.0 |  14.0
               +-------+-------+-------+-------+-------+----------------------

Table legend: (Time is in decaauts)
 A = Elapsed time spent in this place.
 B = Non-inter-level travel time spent in this place.
 C = Inter-level travel time spent in this place.
 D = Time resting spent in this place.
 E = Time spent auto-exploring this place.
 F = Levels seen in this place.
 G = Mean time per level.
                   A        B        C        D        E       F      G
               +--------+--------+--------+--------+--------+-----+--------+
         Total |    435 |    435 |      0 |      0 |    328 |   1 |  435.0 |
       Dungeon |    435 |    435 |      0 |      0 |    328 |   1 |  435.0 |
               +--------+--------+--------+--------+--------+-----+--------+

Top non-repeatable levels by time:
     D:1: 435 daAuts
